 Dungeon Crawl Stone Soup version 0.17-a0-2069-g0f4ee5b (webtiles) character file.

18011 pk666 the Cleaver (level 12, -2/118 HPs)
             Began as a Minotaur Fighter on Oct 14, 2015.
             Was a High Priest of Okawaru.
             Killed from afar by a fire drake (7 damage)
             ... with a blast of flame
             ... on level 5 of the Lair of Beasts.
             The game lasted 00:42:21 (14367 turns).

pk666 the Cleaver (Minotaur Fighter)               Turns: 14367, Time: 00:42:24

Health: -2/118     AC: 19    Str: 30    XL:     12   Next: 23%
Magic:  8/15       EV: 10    Int:  8    God:    Okawaru [*****.]
Gold:   1017       SH:  0    Dex: 11    Spells: 0 memorised, 11 levels left

rFire  . . .     SeeInvis +     T - +0 battleaxe (drain)
rCold  + . .     Clarity  .     f - +0 plate armour
rNeg   . . .     SustAt   +     (no shield)
rPois  +         Gourm    .     Y - +1 hat {Int+3}
rElec  .         Spirit   .     F - +0 cloak
rCorr  .         Warding  .     (no gloves)
rMut   .         Stasis   .     (no boots)
MR     .....                    (no amulet)
Stlth  ..........               o - ring of see invisible
                                p - ring of the Raven {SustAt rPois rC+ Slay+2}

@: mighty, heroism, finesse, not resistant to hostile enchantments, extremely
unstealthy
A: retaliatory headbutt, horns 2
a: Heroism, Finesse, Renounce Religion


You were on level 5 of the Lair of Beasts.
You worshipped Okawaru.
Okawaru was extremely pleased with you.
You were not hungry.

You visited 3 branches of the dungeon, and saw 14 of its levels.
You also visited: Sewer.

You collected 1017 gold pieces.

Inventory:

Hand Weapons
 T - a +0 battleaxe of draining (weapon)
Armour
 b - a +0 scale mail
 f - a +0 plate armour (worn)
 F - a +0 cloak (worn)
 G - a +2 ring mail of fire resistance
 Y - a +1 hat of intelligence (worn)
Jewellery
 o - a ring of see invisible (right hand)
 p - the ring of the Raven (left hand) {SustAt rPois rC+ Slay+2}
   (You found it on level 2 of the Lair of Beasts)

   [ring of sustain attributes]

   It sustains your strength, intelligence and dexterity.
   It affects your accuracy and damage with ranged weapons and melee attacks
   (+2).
   It protects you from cold.
   It protects you from poison.
 A - an uncursed ring of protection from cold
 V - the ring "Zyqa Qytz" {-Tele *Confuse rPois rC+ Stlth+, unknown}
   (You found it on level 2 of the Lair of Beasts)

   [ring of stealth]

   It protects you from cold.
   It protects you from poison.
   It prevents most forms of teleportation.
   It may confuse you when you take damage.
   It makes you more stealthy.
Wands
 a - a wand of polymorph (17)
 n - a wand of teleportation (3)
 D - a wand of hasting (4)
 E - a wand of digging (14)
 P - a wand of disintegration (12)
 W - a wand of heal wounds (6)
Scrolls
 e - 7 scrolls of teleportation
 h - 9 scrolls of remove curse
 i - 9 scrolls of identify
 j - 3 scrolls of enchant armour
 m - a scroll of fog {unknown}
 r - a scroll of enchant weapon {unknown}
 y - 2 scrolls of blinking {unknown}
 I - 2 scrolls of amnesia
 J - a scroll of recharging
 N - a scroll of magic mapping {unknown}
 Q - a scroll of fear {unknown}
 S - a scroll of holy word {unknown}
Potions
 d - 5 potions of might
 g - 9 potions of curing
 q - a potion of resistance {unknown}
 t - a potion of agility {unknown}
 u - 2 potions of brilliance {unknown}
 B - a potion of cancellation {unknown}
 H - a potion of haste {unknown}
 L - a potion of invisibility {unknown}
 R - 2 potions of lignification {unknown}
 U - a potion of poison {unknown}
 Z - a potion of experience {unknown}
Comestibles
 c - 2 chunks of flesh
 k - 5 meat rations
 l - a slice of pizza
 x - 10 bread rations


   Skills:
 + Level 14.3(19.3) Fighting
 + Level 14.3(19.3) Axes
 - Level 10.7(15.7) Armour
   Level 3.6(8.6) Shields
 + Level 6.3 Invocations


You had 11 spell levels left.
You didn't know any spells.

Dungeon Overview and Level Annotations

Branches:
Dungeon (8/15)             Temple (1/1) D:6            Lair (5/8) D:8
  Swamp (0/4) Lair:4       Spider (0/4) Lair:4

Altars:
Ashenzari
Cheibriados
Dithmenos
Elyvilon
Fedhas
Gozag
Makhleb
Nemelex Xobeh
Okawaru
Qazlal
Ru
Xom
Yredelemnul
Zin
The Shining One

Shops:
D:7 (


Innate Abilities, Weirdness & Mutations

You reflexively headbutt those who attack you in melee.
You have a pair of horns on your head.


Message History

You slash the elephant! You drain the elephant!
The elephant is severely wounded.
You slice the elephant!!
The elephant is moderately wounded.
You slash the komodo dragon!
The komodo dragon is heavily wounded.
The komodo dragon bites you!!
* * * LOW HITPOINT WARNING * * *
The fire drake bites you.
* * * LOW HITPOINT WARNING * * *
The elephant tramples you but does no damage.
The elephant trunk-slaps you but does no damage.
You slice the fire drake!! You drain the fire drake!
Your headbutt misses the fire drake.
The fire drake is almost dead.
You slash the fungus!
The fungus is lightly damaged.
The fire drake breathes flames at you. The blast of flame hits you!
You die...

≈≈≈≈≈≈≈....#
≈≈P≈≈≈≈.#..#
≈..≈P≈≈....
P...PP≈...##
...........#
...........#
..........#
. #.....@P#
.. ##...#k##
...
#...#FYY#
.... #..


#YlY# ..... ## #.Y.#.P.... #..Y.# .....#...# .?...#...# ......#.... You could
see 6 elephants, a komodo dragon, a spiny frog and a fire drake.

Vanquished Creatures
  The ghost of pk666 the Severer, a journeyman MiFi of Okawaru (Lair:3)
  A hydra (Lair:3)
  The ghost of pk666 the Fighter, a novice MiFi of Okawaru (Lair:1)
  5 torpor snails (Lair:4)
  2 spiny frogs
  2 black mambas
  6 komodo dragons
  5 blink frogs (Lair:4)
  A troll (D:8)
  A two-headed ogre (D:8)
  Sigmund (D:6)
  A spriggan (D:7)
  10 yaks
  4 hippogriffs
  A wyvern (D:8)
  2 basilisks (Lair:2)
  2 wargs (Lair:3)
  4 vampire mosquitoes (Lair:4)
  4 wolves (Lair:3)
  Edmund (D:6)
  6 porcupines
  11 water moccasins
  7 spiders (Lair:4)
  A black bear (Lair:1)
  2 phantoms
  2 sky beasts (D:7)
  An orc warrior (D:7)
  3 centaurs
  3 ice beasts
  An ogre (D:4)
  2 big kobolds
  5 crocodiles
  10 giant frogs
  A scorpion (D:8)
  A water moccasin skeleton (D:8)
  3 crimson imps
  2 electric eels (Lair:4)
  4 hounds
  A gnoll shaman (D:4)
  Crazy Yiuf (D:6)
  A giant frog skeleton (D:7)
  2 orc priests
  Jessica (D:3)
  5 iguanas
  5 worker ants
  4 orc wizards
  9 sheep
  A mummy (D:8)
  7 adders
  44 river rats
  4 gnolls (D:4)
  3 shadow imps
  2 oozes
  3 worms
  5 giant geckos
  24 orcs
  5 giant cockroaches
  13 hobgoblins
  2 quokkas
  6 ball pythons (Sewer)
  2 bats
  2 giant gecko skeletons (D:4)
  5 giant newts
  8 goblins
  A goblin zombie (D:8)
  A hobgoblin zombie (D:8)
  8 jackals
  27 kobolds
  28 rats
  3 plants
353 creatures vanquished.

Vanquished Creatures (others)
  12 fungi
  2 plants (Lair:3)
14 creatures vanquished.

Grand Total: 367 creatures vanquished

Notes
Turn   | Place    | Note
--------------------------------------------------------------
     0 | D:1      | pk666 the Minotaur Fighter began the quest for the Orb.
     0 | D:1      | Reached XP level 1. HP: 19/19 MP: 0/0
   235 | D:1      | Reached XP level 2. HP: 22/27 MP: 1/1
   301 | D:1      | Reached skill level 4 in Armour
   767 | D:2      | Reached XP level 3. HP: 33/33 MP: 2/2
  1279 | D:2      | Found a basalt altar of Yredelemnul.
  1280 | D:2      | Found a snail-covered altar of Cheibriados.
  1504 | D:2      | Reached XP level 4. HP: 40/40 MP: 3/3
  1533 | D:2      | Found a shadowy altar of Dithmenos.
  2017 | D:3      | Reached skill level 5 in Armour
  2106 | D:3      | Noticed Jessica
  2117 | D:3      | Killed Jessica
  2117 | D:3      | Reached XP level 5. HP: 47/47 MP: 4/4
  2476 | D:3      | You fall through a shaft!
  2615 | D:4      | Reached skill level 5 in Fighting
  2615 | D:4      | Reached skill level 5 in Axes
  2954 | D:4      | Noticed an ogre
  2959 | D:4      | Killed an ogre
  2959 | D:4      | Reached XP level 6. HP: 39/56 MP: 5/5
  3130 | D:4      | Reached skill level 6 in Armour
  3366 | D:5      | Entered Level 5 of the Dungeon
  3437 | D:5      | Found a glowing drain.
  3441 | Sewer    | Entered a sewer
  3745 | Sewer    | Reached XP level 7. HP: 60/62 MP: 6/6
  4179 | D:5      | Found a basalt altar of Yredelemnul.
  4772 | D:6      | Reached skill level 7 in Armour
  4827 | D:6      | Noticed Sigmund
  4835 | D:6      | Killed Sigmund
  4835 | D:6      | Reached XP level 8. HP: 70/73 MP: 7/7
  5289 | D:6      | Found a staircase to the Ecumenical Temple.
  5304 | Temple   | Entered the Ecumenical Temple
  5474 | Temple   | Became a worshipper of Warmaster Okawaru
  5628 | D:6      | Noticed Edmund
  5630 | D:6      | Noticed Crazy Yiuf
  5640 | D:6      | Killed Edmund
  5640 | D:6      | Reached skill level 8 in Armour
  5644 | D:6      | Killed Crazy Yiuf
  5794 | D:7      | Reached * piety under Okawaru
  5803 | D:7      | Found a shimmering altar of Xom.
  6050 | D:7      | Found Jaqaemae's Weapon Shoppe.
  6067 | D:7      | Reached skill level 9 in Armour
  6142 | D:7      | Reached XP level 9. HP: 79/82 MP: 8/8
  7238 | D:8      | Reached ** piety under Okawaru
  7486 | D:8      | Reached skill level 10 in Armour
  7543 | D:8      | Found a staircase to the Lair.
  7553 | D:8      | Reached skill level 10 in Fighting
  7595 | D:8      | Reached skill level 10 in Axes
  7602 | D:8      | Found an opulent altar of Gozag.
  7784 | Lair:1   | Entered Level 1 of the Lair of Beasts
  7811 | Lair:1   | Noticed pk666's ghost (novice MiFi)
  7826 | Lair:1   | Killed pk666's ghost
  7826 | Lair:1   | Reached *** piety under Okawaru
  7826 | Lair:1   | Reached XP level 10. HP: 32/94 MP: 9/9
  8226 | Lair:1   | Reached skill level 1 in Invocations
  8251 | Lair:1   | Found a stormy altar of Qazlal.
  8417 | Lair:1   | Reached skill level 11 in Fighting
  8690 | Lair:2   | Reached **** piety under Okawaru
  8715 | Lair:2   | Received a gift from Okawaru
  9321 | Lair:2   | Reached skill level 12 in Fighting
  9581 | Lair:2   | Got a vibrating bronze ring
  9583 | Lair:2   | Identified the ring of the Raven {SustAt rPois rC+ Slay+2} (You found it on level 2 of the Lair of Beasts)
  9843 | Lair:2   | Received a gift from Okawaru
  9843 | Lair:2   | Reached XP level 11. HP: 98/105 MP: 11/11
  9971 | Lair:2   | Got a wavering silver ring
 10699 | Lair:3   | Noticed a seven-headed hydra
 10706 | Lair:3   | HP: 4/105 [seven-headed hydra (10)]
 10707 | Lair:3   | Killed a seven-headed hydra
 10707 | Lair:3   | Reached ***** piety under Okawaru
 11129 | Lair:3   | Reached skill level 13 in Fighting
 11194 | Lair:3   | Noticed pk666's ghost (journeyman MiFi)
 11698 | Lair:3   | Killed pk666's ghost
 12484 | Lair:4   | Found a snail-covered altar of Cheibriados.
 12490 | Lair:4   | Received a gift from Okawaru
 12988 | Lair:4   | Found a hole to the Spider Nest.
 12994 | Lair:4   | Reached skill level 5 in Invocations
 13085 | Lair:4   | Found a staircase to the Swamp.
 13229 | Lair:4   | Reached XP level 12. HP: 116/116 MP: 15/15
 13315 | Lair:4   | Reached skill level 14 in Axes
 13326 | Lair:4   | Received a gift from Okawaru
 14365 | Lair:5   | HP: 5/118 [fire drake (2)]
 14367 | Lair:5   | Killed from afar by a fire drake

Vault maps used:
D:1:      elethiomel_arrival_shortcut
D:2:      gammafunk_temple_overflow_statue, grunt_dithmenos_smoke,
          serial_bayou_crossing
D:3:      uniq_jessica
D:4:      first_bread, minmay_crystal_water
D:5:      gup_sewer_entry_bowl, yredelemnul_altar_generic
D:6:      minmay_temple_entry_overgrown, kb_rosetta, uniq_sigmund,
          uniq_crazy_yiuf_cottage, uniq_edmund
D:7:      xom_confusion_cloud, serial_shops, nicolae_shop_trees, the_bakery
D:8:      nicolae_gozag_seed_capital, lair_0_dummy, nicolae_ossuary_entry_giza,
          minmay_misc_feat_room
Temple:   roderic_octagonal_lattice_temple
Lair:1:   basic_altar, grunt_forest_small_clearing_treed,
          infiniplex_staircase_pool_2, serial_bayou_shore_b
Lair:2:   minivault_27
Lair:3:   beast_lair_carwin_large_1
Lair:4:   minmay_swamp_entry_swarm, nicolae_spider_entry_tight_spaces,
          kennysheep_snail_temple
Lair:5:   lab_entry_generic, nicolae_quartered_pool_super, grunt_megastairs_4,
          serial_bayou_shore_a
Sewer:    sewer_minmay_treatment

Action                   |  1- 3 |  4- 6 |  7- 9 | 10-12 || total
-------------------------+-------+-------+-------+-------++-------
Melee: War axe           |   129 |   198 |   359 |   293 ||   979
       Battleaxe         |       |       |       |   117 ||   117
Invok: Heroism           |       |       |       |     3 ||     3
       Finesse           |       |       |       |     1 ||     1
Evoke: Wand              |       |       |       |     7 ||     7
  Use: Scroll            |       |     7 |     1 |     4 ||    12
       Potion            |       |       |     2 |     6 ||     8
  Eat: Chunk             |     2 |     8 |    13 |    15 ||    38
       Fruit             |       |       |       |     2 ||     2
       Pizza             |       |       |       |     2 ||     2
       Beef jerky        |       |       |       |     1 ||     1
